 Dungeon Crawl Stone Soup version 0.24-a0-441-g27f0392e16 (webtiles) character file.

Game seed: 10169772860887805416

4488 Azzok the Severer (level 10, 0/77 HPs)
             Began as a Hill Orc Fighter on June 18, 2019.
             Was a Priest of Okawaru.
             Slain by a six-headed hydra (1 damage)
             ... on level 8 of the Dungeon on June 19, 2019.
             The game lasted 00:14:07 (9618 turns).

Azzok the Severer (Hill Orc Fighter)                Turns: 9618, Time: 00:14:07

Health: 0/77       AC: 18    Str: 28    XL:     10   Next: 38%
Magic:  14/16      EV: 11    Int:  8    God:    Okawaru [***...]
Gold:   352        SH:  0    Dex: 10    Spells: 9/9 levels left

rFire    . . .     SeeInvis .   w - +1 flail (crush)
rCold    . . .     Gourm    .   (no shield)
rNeg     . . .     Faith    .   z - +0 chain mail
rPois    .         Spirit   .   s - +1 helmet
rElec    .         Reflect  .   t - +0 cloak
rCorr    .         Harm     .   x - +2 pair of gloves
MR       .....                  (no boots)
Stlth    ..........             (no amulet)
HPRegen  0.22/turn              (no ring)
MPRegen  0.15/turn              (no ring)

@: mighty, heroism
A: no striking features
a: Heroism, Renounce Religion


You were on level 8 of the Dungeon.
You worshipped Okawaru.
Okawaru was most pleased with you.
You were not hungry.

You visited 2 branches of the dungeon, and saw 9 of its levels.

You collected 352 gold pieces.

Inventory:

Hand Weapons
 a - a +0 war axe
 w - a +1 flail of crushing (weapon)
 A - the +1 battleaxe "Onten" {elec, +Rage}
   (You acquired it on level 7 of the Dungeon)

   Occasionally, upon striking a foe, it will discharge some electrical energy
   and cause terrible harm.
   It lets you go berserk.
Armour
 c - a +0 shield
 q - a +3 ring mail of fire resistance
 s - a +1 helmet (worn)
 t - a +0 cloak (worn)
 x - a +2 pair of gloves (worn)
 z - a +0 chain mail (worn)
Jewellery
 B - a +3 ring of protection
Wands
 D - a wand of random effects (23)
 E - a wand of clouds (3)
Scrolls
 b - a scroll of enchant armour {unknown}
 e - 3 scrolls of fear {unknown}
 g - 2 scrolls of immolation {unknown}
 h - 4 scrolls of remove curse {unknown}
 l - a scroll of enchant weapon {unknown}
 m - 2 scrolls of blinking {unknown}
 p - 3 scrolls of teleportation {unknown}
 r - 3 scrolls of fog {unknown}
 v - 3 scrolls of amnesia {unknown}
 y - a scroll of noise {unknown}
 G - a scroll of magic mapping
Potions
 d - a potion of might
 i - 5 potions of curing
 j - 3 potions of heal wounds
 k - a potion of lignification
 o - 2 potions of resistance
 u - 2 potions of mutation {!q}
 H - a potion of haste
Comestibles
 f - 10 rations
 n - 3 chunks of flesh


   Skills:
 - Level 3.6(8.6) Fighting
 * Level 15.7(20.7) Axes
 - Level 4.7(9.7) Armour
 - Level 3.2(8.2) Shields
 + Level 9.1 Invocations


You had 9 spell levels left.
You didn't know any spells.
Your spell library was empty.

Dungeon Overview and Level Annotations

Branches:
Dungeon (8/15)             Temple (1/1) D:5
   Lair: D:8-11

Altars:
Ashenzari
Dithmenos
Elyvilon
Fedhas
Hepliaklqana
Kikubaaqudgha
Makhleb
Nemelex Xobeh
Okawaru
Qazlal
Sif Muna
Trog
Uskayaw
Vehumet
Wu Jian
Xom
Yredelemnul
Zin
The Shining One

Shops:
D:5 [   D:6 :


Message History

The six-headed hydra closely misses you.
The six-headed hydra bites you but does no damage.
The six-headed hydra bites you!
* * * LOW HITPOINT WARNING * * *
The six-headed hydra bites you.
* * * LOW HITPOINT WARNING * * *
You hit the six-headed hydra.
The six-headed hydra is heavily wounded.
You sock the six-headed hydra!
The six-headed hydra is severely wounded.
The six-headed hydra barely misses you.
The six-headed hydra bites you but does no damage.
The six-headed hydra barely misses you.
The six-headed hydra bites you but does no damage.
The six-headed hydra barely misses you. The six-headed hydra bites you.
* * * LOW HITPOINT WARNING * * *
Your chain mail prevents you from hitting the six-headed hydra.
The six-headed hydra is severely wounded.
The six-headed hydra barely misses you. The six-headed hydra bites you.
You die...

▒▒▒▒▒▒▒·······▒▒▒
▒▒▒▒▒▒▒··▒▒·▒▒▒▒·······
▒····▒····▒····'·······
▒····▒····'····▒·······
▒····▒▒··▒▒····▒·······
▒····▒▒··▒▒····▒····▒▒▒
▒▒▒▒▒▒▒▒▒▒▒▒···▒▒··▒▒▒▒▒▒▒····▒··
········†··▒···▒▒··▒ ▒····▒··
········÷▒·····D@··╬ ▒···(▒··
·········▒·····▒▒··▒ ▒····▒··
·········▒·····▒▒··▒ ▒··
········D▒·········▒ ▒·)
·········▒▒▒▒▒▒▒▒··▒ ▒··
·········· ▒··▒ ▒·· $·?········
▒··╬ ▒·· ··········· ··▒ ▒··
··········?· ▒··


You could see a six-headed hydra.

Vanquished Creatures
  A two-headed ogre (D:7)
  A hornet (D:6)
  A hippogriff (D:7)
  Eustachio (D:6)
  A steam dragon (D:7)
  Edmund (D:5)
  2 orc warriors
  A black bear (D:8)
  2 ice beasts
  A sky beast (D:8)
  2 ogres
  2 centaurs (D:6)
  3 bullfrogs
  A scorpion (D:4)
  6 killer bees
  2 howler monkeys
  7 crimson imps
  6 orc priests
  3 jellies
  A bullfrog skeleton (D:4)
  A centaur skeleton (D:4)
  5 hounds
  9 orc wizards
  A gnoll shaman (D:6)
  An iguana (D:6)
  7 worker ants
  A killer bee zombie (D:7)
  2 hound skeletons
  A howler monkey zombie (D:5)
  Robin (D:3)
  7 gnolls
  16 adders
  3 oozes
  An adder skeleton (D:4)
  5 worms
  7 leopard geckos
  26 orcs
  5 bats
  10 giant cockroaches
  15 goblins
  13 hobgoblins
  15 jackals
  8 kobolds
  3 quokkas
  2 ball pythons
  10 frilled lizards
  A leopard gecko zombie (D:7)
  14 rats
235 creatures vanquished.

Notes
Turn   | Place    | Note
-------+----------+-------------------------------------------
     0 | D:1      | Azzok the Hill Orc Fighter began the quest for the Orb.
     0 | D:1      | Reached XP level 1. HP: 19/19 MP: 1/1
    15 | D:1      | Reached skill level 3 in Axes
    53 | D:1      | Upgraded the game from 0.24-a0-439-g6dd8730de2 to
                  | 0.24-a0-441-g27f0392e16
    89 | D:1      | Reached XP level 2. HP: 26/26 MP: 2/2
   323 | D:1      | Reached skill level 4 in Axes
   675 | D:1      | Reached XP level 3. HP: 31/31 MP: 3/3
  1018 | D:2      | Noticed an ice beast
  1033 | D:2      | Killed an ice beast
  1033 | D:2      | Reached skill level 6 in Axes
  1033 | D:2      | Reached XP level 4. HP: 37/39 MP: 4/4
  1033 | D:2      | Reached XP level 5. HP: 43/45 MP: 5/5
  1262 | D:2      | Reached skill level 7 in Axes
  2249 | D:3      | Reached skill level 8 in Axes
  2249 | D:3      | Reached XP level 6. HP: 41/51 MP: 6/6
  3102 | D:3      | Noticed Robin
  3114 | D:3      | Killed Robin
  3393 | D:3      | Reached skill level 9 in Axes
  3994 | D:4      | Reached XP level 7. HP: 52/57 MP: 7/7
  4100 | D:4      | Reached skill level 10 in Axes
  4285 | D:4      | Found a hide-covered altar of Uskayaw.
  4480 | D:4      | Found a shattered altar of Ashenzari.
  4509 | D:4      | Found a burning altar of Makhleb.
  4776 | D:5      | Entered Level 5 of the Dungeon
  4805 | D:5      | Found a staircase to the Ecumenical Temple.
  4815 | Temple   | Entered the Ecumenical Temple
  4827 | Temple   | Became a worshipper of Warmaster Okawaru
  4854 | D:5      | Found Umasayf's Antique Armour Shop.
  4897 | D:5      | Noticed Edmund
  4933 | D:5      | Killed Edmund
  4933 | D:5      | Reached skill level 1 in Invocations
  4933 | D:5      | Reached XP level 8. HP: 41/64 MP: 7/9
  5112 | D:5      | Reached skill level 11 in Axes
  5159 | D:5      | Found a glowing silver altar of Zin.
  5165 | D:5      | Found a bloodstained altar of Trog.
  5224 | D:5      | Found a glowing golden altar of the Shining One.
  5531 | D:5      | Found a shadowy altar of Dithmenos.
  5787 | D:6      | Found Haink's Book Boutique.
  5808 | D:6      | Reached * piety under Okawaru
  5943 | D:6      | Reached skill level 12 in Axes
  6041 | D:6      | You fall into a shaft and drop 2 floors!
  6069 | D:8      | Reached skill level 5 in Invocations
  6070 | D:8      | Reached XP level 9. HP: 20/70 MP: 10/12
  6346 | D:8      | Reached skill level 13 in Axes
  6381 | D:8      | Reached ** piety under Okawaru
  6843 | D:7      | Found a radiant altar of Vehumet.
  7449 | D:7      | Noticed a hornet
  7568 | D:6      | Paralysed by a hornet for 2 turns
  7580 | D:6      | Killed a hornet
  7580 | D:6      | Reached skill level 14 in Axes
  7957 | D:6      | Noticed Eustachio
  7968 | D:6      | Found a white marble altar of Elyvilon.
  7999 | D:6      | Killed Eustachio
  7999 | D:6      | Reached *** piety under Okawaru
  8314 | D:7      | Noticed a two-headed ogre
  8337 | D:7      | Killed a two-headed ogre
  8337 | D:7      | Reached skill level 15 in Axes
  8337 | D:7      | Reached XP level 10. HP: 36/77 MP: 13/16
  8920 | D:7      | Found a burning altar of Makhleb.
  9181 | D:7      | Identified a scroll of acquirement
  9185 | D:7      | Got a bloodstained battleaxe
  9186 | D:7      | Identified the +1 battleaxe "Onten" {elec, +Rage} (You
                  | acquired it on level 7 of the Dungeon)
  9596 | D:8      | Noticed a six-headed hydra
  9615 | D:8      | HP: 3/77 [six-headed hydra (2)]
  9617 | D:8      | HP: 1/77 [six-headed hydra (3)]
  9618 | D:8      | Slain by a six-headed hydra

Levels and vault maps discovered:
D:1:      dpeg_arrival_tiny_a, layout_loops_ring, minmay_rat_gold_closets
D:2:      layout_loops_corners, first_ration, minmay_misc_feat_x,
          minmay_pentomino_t2
D:3:      minmay_chambers_of_twos, layout_loops_ring, uniq_robin
D:4:      minmay_octagon_keep, layout_loops_ring, lemuel_round_altar,
          lemuel_doored_altar, lemuel_crystal_altar
D:5:      layout_basic, marbit_many_paths, nicolae_tso_carved_into_rock,
          grunt_temple_overflow_open, temple_statues, serial_shops,
          shop_fountains, minmay_misc_feat_secret_circle, uniq_edmund
D:6:      layout_cave_pools, serial_shops, shop, basic_altar, uniq_eustachio
D:7:      layout_basic, lemuel_crystal_altar, basic_altar
D:8:      layout_gridville
Temple:   cyrus_circular_temple

Skill      XL: |  1  2  3  4  5  6  7  8  9 10 |
---------------+-------------------------------+-----
Axes           | 3 4 6 8 9 10 12 15 | 15.7
Armour         | 4 |  4.7
Invocations    | 1 5 8 9 |  9.1
Fighting       | |  3.6
Shields        | |  3.2

Action                   |  1- 3 |  4- 6 |  7- 9 | 10-12 || total
-------------------------+-------+-------+-------+-------++-------
Melee: War axe           |    97 |   284 |   424 |    32 ||   837
       Flail             |       |       |    67 |     6 ||    73
       Battleaxe         |       |       |       |    27 ||    27
       Punch             |       |       |       |     1 ||     1
Invok: Heroism           |       |       |     4 |     2 ||     6
Evoke: Wand              |       |       |       |     1 ||     1
  Use: Potion            |       |       |     3 |     1 ||     4
       Scroll            |       |       |       |     9 ||     9
 Stab: Distracted        |       |       |     1 |       ||     1
  Eat: Chunk             |       |    10 |    14 |     5 ||    29
Armor: Scale mail        |    51 |    97 |    42 |       ||   190
       Chain mail        |       |       |   209 |    51 ||   260
Dodge: Dodged            |    34 |    73 |    78 |    45 ||   230
Block: Shield            |    46 |   108 |   212 |     9 ||   375

Table legend:
 A = Non-vault XP
 B = Vault XP
 C = Vault XP percentage of total XP
 D = Non-vault monster count
 E = Vault monster count
 F = Vault count percentage of total count
                 A         B        C        D         E       F
            +---------+---------+-------+---------+---------+-------
      Total |    5568 |     844 |  13.2 |     200 |      35 |  14.9
            +---------+---------+-------+---------+---------+-------
        D:1 |      32 |       5 |  13.5 |      19 |       5 |  20.8
        D:2 |     129 |     129 |  50.0 |      30 |       1 |   3.2
        D:3 |     131 |      75 |  36.4 |      37 |      19 |  33.9
        D:4 |     346 |     254 |  42.3 |      19 |       7 |  26.9
        D:5 |     216 |     184 |  46.0 |       8 |       2 |  20.0
        D:6 |    1449 |     197 |  12.0 |      27 |       1 |   3.6
        D:7 |    1994 |       0 |   0.0 |      25 |       0 |   0.0
        D:8 |    1271 |       0 |   0.0 |      35 |       0 |   0.0
            +---------+---------+-------+---------+---------+-------
